 Dungeon Crawl Stone Soup version 0.17-a0-1831-gaadb308 (webtiles) character file.

642 ololoev the Conjurer (level 7, 45/50 HPs)
             Began as a Pale Draconian Conjurer on Sept 14, 2015.
             Quit the game on level 4 of the Dungeon.
             The game lasted 00:11:29 (4549 turns).

ololoev the Conjurer (Pale Draconian Conjurer)      Turns: 4549, Time: 00:11:29

Health: 45/50      AC:  9    Str: 10    XL:     7   Next: 26%
Magic:  13/13      EV: 12    Int: 17    God:
Gold:   180        SH:  0    Dex: 12    Spells: 3 memorised, 8 levels left

rFire  . . .     SeeInvis +     r - +9 hand axe "Beetleslayer" {venom, rPois SInv}
rCold  . . .     Clarity  .     (armour unavailable)
rNeg   + . .     SustAt   .     (no shield)
rPois  +         Gourm    .     (helmet restricted)
rElec  .         Spirit   .     s - +2 cloak {rPois}
rCorr  .         Warding  .     (no gloves)
rMut   .         Stasis   .     (no boots)
MR     +....                    e - amulet of rage
Stlth  ++........               c - ring of protection from magic
                                p - ring of positive energy

@: somewhat resistant to hostile enchantments, unstealthy
A: breathe steam, unfitting armour, cold-blooded, AC +6
a: Breathe Steam, Evoke Berserk Rage


Innate Abilities, Weirdness & Mutations

You can breathe blasts of scalding, opaque steam.
Your pale cyan-grey scales are hard (AC +6).
Your body does not fit into most forms of armour.
You are cold-blooded and may be slowed by cold attacks.

Inventory:

Hand weapons
 r - the +9 hand axe "Beetleslayer" (weapon) {venom, rPois SInv}
   (You found it on level 4 of the Dungeon)

   It poisons the flesh of those it strikes.
   It protects you from poison.
   It lets you see invisible.
Armour
 s - a +2 cloak of poison resistance (worn)
Jewellery
 c - a ring of protection from magic (right hand)
 e - an amulet of rage (around neck)
 p - a ring of positive energy (left hand)
Magical devices
 q - a wand of frost (11)
Scrolls
 d - a scroll of immolation {unknown}
 h - 2 scrolls of fear {unknown}
 k - 9 scrolls of identify {unknown}
 l - a scroll of fog {unknown}
 o - 2 scrolls of teleportation {unknown}
 t - 3 scrolls of noise {unknown}
 u - 2 scrolls of blinking {unknown}
Potions
 g - a potion of mutation {unknown}
Books
 a - a book of Conjurations

   Spells                             Type                      Level
   a - Magic Dart                     Conjuration                  1
   b - Searing Ray                    Conjuration                  2
   c - Dazzling Spray                 Conjuration/Hexes            3
   d - Fulminant Prism                Conjuration/Hexes            4
   e - Iskenderun's Mystic Blast      Conjuration                  4
   f - Iskenderun's Battlesphere      Conjuration/Charms           5
Comestibles
 b - 2 bread rations
 f - a royal jelly
 j - 2 meat rations
 m - 2 beef jerkies
 n - a slice of pizza


   Skills:
 - Level 1.7 Dodging
 - Level 1.7 Stealth
 + Level 4.2 Spellcasting
 * Level 6.9 Conjurations
 + Level 2.5 Air Magic
 + Level 2.2 Poison Magic


You had 8 spell levels left.
You knew the following spells:

 Your Spells              Type           Power        Failure   Level  Hunger
a - Magic Dart            Conj           ####         1%          1    None
b - Searing Ray           Conj           ####..       1%          2    ##.....
c - Mephitic Cloud        Conj/Pois/Air  ###.....     12%         3    ###....


You were on level 4 of the Dungeon.
You were not hungry.

You visited 1 branch of the dungeon, and saw 4 of its levels.

You collected 180 gold pieces.

...>.....## ...#......#
...#......######
...........#...#
...........#.>.#
...........#...#
...........#.#.#
.<.>.......#..[###
...........#.>M#@#
...........#...#.##
...........#####..#####
.###..........###.....####
.# #..........#####......##
.# #......................#
.##...........####........#
..............# ##......##
.###..........# ########

Notes
Turn   | Place    | Note
--------------------------------------------------------------
     0 | D:1      | ololoev the Draconian Conjurer began the quest for the Orb.
     0 | D:1      | Reached XP level 1. HP: 14/14 MP: 3/3
   154 | D:1      | Reached XP level 2. HP: 11/20 MP: 0/5
   203 | D:1      | Learned a level 2 spell: Searing Ray
   564 | D:1      | Found a shattered altar of Ashenzari.
   799 | D:1      | Reached XP level 3. HP: 24/26 MP: 6/6
  1431 | D:2      | Reached skill level 5 in Conjurations
  1604 | D:2      | Reached XP level 4. HP: 17/33 MP: 2/8
  2646 | D:2      | Noticed Ijyb
  2677 | D:2      | Killed Ijyb
  2677 | D:2      | Reached XP level 5. HP: 29/38 MP: 3/9
  2928 | D:2      | Noticed Crazy Yiuf
  2943 | D:2      | Killed Crazy Yiuf
  3122 | D:3      | Learned a level 3 spell: Mephitic Cloud
  3166 | D:3      | Found an opulent altar of Gozag.
  3167 | D:3      | Noticed Grinder
  3190 | D:3      | Paralysed by Grinder for 6 turns
  3196 | D:3      | Killed Grinder
  3196 | D:3      | Reached skill level 6 in Conjurations
  3196 | D:3      | Reached skill level 1 in Air Magic
  3196 | D:3      | Reached skill level 1 in Poison Magic
  3196 | D:3      | Reached XP level 6. HP: 22/45 MP: 1/11
  3764 | D:3      | Noticed Robin
  3854 | D:3      | Killed Robin
  4380 | D:4      | Noticed Edmund
  4401 | D:4      | Got a steaming hand axe
  4402 | D:4      | Identified the +9 hand axe "Beetleslayer" {venom, rPois SInv} (You found it on level 4 of the Dungeon)
  4453 | D:4      | Killed Edmund
  4453 | D:4      | Your scales start taking on a pale cyan-grey colour.
  4453 | D:4      | Reached XP level 7. HP: 40/50 MP: 7/13
  4519 | D:4      | Found a staircase to the Ecumenical Temple.
  4542 | D:4      | Noticed Menkaure
  4549 | D:4      | Quit the game

Dungeon Overview and Level Annotations

Branches:
Dungeon (4/15)             Temple (0/1) D:4

Altars:
Ashenzari
Gozag

Annotations:
D:4 Menkaure


Message History

A centaur skeleton is nearby!
The centaur skeleton hits you.
You slash the centaur skeleton!
The centaur skeleton closely misses you.
The centaur skeleton hits you but does no damage.
You slash the centaur skeleton! The centaur skeleton hits you.
The centaur skeleton closely misses you.
You slash the centaur skeleton!
You destroy the centaur skeleton!
No target in view!
No target in view!
No target in view!
No target in view!
No target in view!
No target in view!
No target in view!
No target in view!
No target in view!
No target in view!
No target in view!
No target in view!
No target in view!
No target in view!
No target in view!
No target in view!
A quokka skeleton comes into view.
Menkaure shouts!
Menkaure grins.
Found a robe.
The quokka skeleton bites you.
You slash the quokka skeleton!
You destroy the quokka skeleton!
Failed to move towards target.
Failed to move towards target.
Failed to move towards target.
Failed to move towards target.
Failed to move towards target.
Failed to move towards target.
Failed to move towards target.
Are you sure you want to abandon this character and quit the game? (Confirm with "yes".)

You could see Menkaure.

Vanquished Creatures
  Grinder (D:3)
  Edmund (D:4)
  2 orc priests (D:3)
  Crazy Yiuf (D:2)
  Ijyb (D:2)
  A centaur skeleton (D:4)
  Robin (D:3)
  3 adders
  5 gnolls
  An ooze (D:1)
  4 worms
  3 orcs (D:3)
  3 giant cockroaches (D:1)
  18 goblins
  11 hobgoblins
  3 jackals (D:1)
  2 quokkas
  4 ball pythons
  3 bats
  4 giant geckos
  4 giant newts
  9 kobolds
  A quokka skeleton (D:4)
  10 rats
  A fungus (D:2)
97 creatures vanquished.

Action                   |  1- 3 |  4- 6 |  7- 9 || total
-------------------------+-------+-------+-------++-------
Melee: Short sword       |    74 |    71 |       ||   145
       Quarterstaff      |       |    56 |       ||    56
       Hand axe          |       |     5 |     4 ||     9
 Cast: Magic Dart        |    16 |     8 |       ||    24
       Searing Ray       |     3 |    19 |       ||    22
Evoke: Wand              |     2 |     4 |       ||     6
  Use: Potion            |       |     7 |       ||     7
 Stab: Sleeping          |     1 |     1 |       ||     2
  Eat: Chunk             |     2 |    10 |     1 ||    13

Vault maps used:
D:1:      elethiomel_arrival_infinity_welcomes_careful_drivers,
          nicolae_ashenzari_panopticon
D:2:      uniq_crazy_yiuf_cottage, uniq_iyjb
D:3:      lemuel_round_altar, first_bread, uniq_grinder, uniq_robin
D:4:      minmay_temple_entry_from_below_a, uniq_edmund, uniq_menkaure
